 Dungeon Crawl Stone Soup version 0.28.0-1-gb440e238dd (webtiles) character file.

Game seed: 13933224993788604504

35 Ablot the Grasshopper (level 3, 0/31 HPs)
             Began as a Gnoll Warper on Feb 22, 2022.
             Killed from afar by a hobgoblin (9 damage)
             ... with a puff of flame
             ... on level 2 of the Dungeon.
             The game lasted 00:01:30 (935 turns).

Ablot the Grasshopper (Gnoll Warper)                 Turns: 935, Time: 00:01:31

Health: 0/31       AC:  3    Str: 12    XL:     3   Next: 33%
Magic:  9/9        EV: 12    Int: 12    God:
Gold:   90         SH:  0    Dex: 11    Spells: 10/12 levels left

rFire   . . .      SeeInvis +   a - +0 spear
rCold   . . .      Faith    .   (no shield)
rNeg    . . .      Spirit   .   b - +0 leather armour
rPois   .          Reflect  .   (no helmet)
rElec   .          Harm     .   (no cloak)
rCorr   .          Rampage  .   (no gloves)
Will    .....                   (no boots)
Stlth   +.........              (no amulet)
HPRegen 0.10/turn               k - ring of see invisible
MPRegen 0.11/turn               (no ring)

@: no status effects
A: fangs 1, strong nose, distributed training
a: no special abilities


You were on level 2 of the Dungeon.
You visited 1 branch of the dungeon, and saw 2 of its levels.

You collected 90 gold pieces.

Inventory:

Hand Weapons
 a - a +0 spear (weapon)
Missiles
 d - 5 boomerangs of dispersal (quivered)
 g - 20 stones
 n - 20 bolts
Armour
 b - a +0 leather armour (worn)
Jewellery
 k - a ring of see invisible (left hand)
Scrolls
 c - a scroll of blinking
 f - a scroll of enchant armour {unknown}
 h - 2 scrolls of identify {unknown}
 l - a scroll of teleportation {unknown}
 m - a scroll of magic mapping {unknown}
Potions
 e - a potion of haste {unknown}
 i - a potion of attraction {unknown}
 j - a potion of curing {unknown}


   Skills:
 + Level 4.5 Fighting
 + Level 0.7 Short Blades
 + Level 0.7 Long Blades
 + Level 0.7 Axes
 + Level 0.7 Maces & Flails
 + Level 4.5 Polearms
 + Level 0.7 Staves
 + Level 0.7 Slings
 + Level 0.7 Bows
 + Level 0.7 Crossbows
 + Level 2.6 Throwing
 + Level 2.6 Armour
 + Level 4.5 Dodging
 + Level 0.7 Stealth
 + Level 0.7 Shields
 + Level 0.7 Unarmed Combat
 + Level 5.0 Spellcasting
 + Level 0.5 Conjurations
 + Level 0.5 Hexes
 + Level 0.5 Summonings
 + Level 0.5 Necromancy
 + Level 5.4 Translocations
 + Level 0.5 Transmutations
 + Level 0.5 Fire Magic
 + Level 0.5 Ice Magic
 + Level 0.5 Air Magic
 + Level 0.5 Earth Magic
 + Level 0.5 Poison Magic
 + Level 0.9 Invocations
 + Level 0.7 Evocations


You had 10 spell levels left.
You knew the following spells:

 Your Spells              Type           Power      Damage    Failure   Level
a - Blink                 Tloc           32%        N/A       4%          2

Your spell library contained the following spells:

 Spells                   Type           Power      Damage    Failure   Level
 Gell's Gravitas          Tloc           16%        N/A       9%          3
 Lesser Beckoning         Tloc           16%        N/A       9%          3
 Teleport Other           Tloc           16%        N/A       9%          3
 Corpse Rot               Necr/Air       8%         N/A       30%         2
 Poisonous Vapours        Pois/Air       8%         N/A       30%         2
 Manifold Assault         Tloc           16%        N/A       58%         5


Dungeon Overview and Level Annotations

Branches:
Dungeon (2/15)

Altars:


Innate Abilities, Weirdness & Mutations

You have very sharp teeth.
Your uncanny sense of smell can sniff out nearby items.
Your experience applies equally to all skills.


Message History

There is an open door here.
There is a stone staircase leading down here.
You climb downwards.
The ball python hisses angrily.
There is a stone staircase leading up here.
You hit the ball python.
The ball python is severely wounded.
The ball python barely misses you. The ball python closely misses you.
You barely miss the ball python. Your bite misses the ball python.
The ball python is severely wounded.
The ball python barely misses you. The ball python grabs you.
The ball python constricts you.
You hit the ball python.
You kill the ball python!
No target in view!
No target in view!
There is a stone staircase leading up here.
A hobgoblin comes into view. It is carrying a wand of flame (25).
The hobgoblin shouts!
The hobgoblin zaps a wand.
The puff of flame misses you.
You reach to attack!
You barely miss the hobgoblin. You barely miss the hobgoblin.
You closely miss the hobgoblin.
The hobgoblin zaps a wand.
The puff of flame hits you!
You closely miss the hobgoblin. Your bite misses the hobgoblin.
The hobgoblin hits you.
You hit the hobgoblin but do no damage.
The hobgoblin hits you but does no damage.
You closely miss the hobgoblin.
The hobgoblin zaps a wand.
The puff of flame hits you.
You are too injured to fight recklessly!
You are too injured to fight recklessly!
You barely miss the hobgoblin.
The hobgoblin zaps a wand.
The puff of flame hits you.
* * * LOW HITPOINT WARNING * * *
You hit the hobgoblin but do no damage. You hit the hobgoblin.
The hobgoblin is almost dead.
The hobgoblin zaps a wand.
The puff of flame hits you!
You die...

#..#
#.##
#.# #<#
#.#
#.#####
#.#...
#.#g#
#.@.#
#####


You could see a hobgoblin.

Vanquished Creatures
  A dart slug (D:1)
  2 endoplasms (D:1)
  A giant cockroach (D:1)
  A goblin (D:1)
  4 hobgoblins
  3 kobolds (D:1)
  4 quokkas (D:1)
  5 ball pythons
  5 bats (D:1)
  A frilled lizard (D:1)
  4 rats (D:1)
31 creatures vanquished.

Notes
Turn   | Place    | Note
-------+----------+-------------------------------------------
     0 | D:1      | Ablot the Gnoll Warper began the quest for the Orb.
     0 | D:1      | Reached XP level 1. HP: 20/20 MP: 6/6
    61 | D:1      | Reached XP level 2. HP: 22/26 MP: 7/7
    74 | D:1      | Learned a level 2 spell: Blink
   462 | D:1      | Reached XP level 3. HP: 31/31 MP: 9/9
   484 | D:1      | Reached skill level 5 in Spellcasting
   775 | D:1      | Found a faded altar of an unknown god.
   935 | D:2      | Killed from afar by a hobgoblin

Illustrated notes

Levels and vault maps discovered:
D:1:      elethiomel_arrival_shortcut, layout_basic,
          dilly_ecumenical_altar_fadedgnrine, chequers_serial_rivers_micro_d,
          minmay_tiny_reverse_x
D:2:      minmay_chambers_of_twos, layout_rooms, minivault_19, uniq_jessica

Skill      XL: |  1  2  3 |
---------------+----------+-----
Spellcasting   | 5 |  5.0
Fighting       | |  4.5
Short Blades   | |  0.7
Long Blades    | |  0.7
Axes           | |  0.7
Maces & Flails | |  0.7
Polearms       | |  4.5
Staves         | |  0.7
Slings         | |  0.7
Bows           | |  0.7
Crossbows      | |  0.7
Throwing       | |  2.6
Armour         | |  2.6
Dodging        | |  4.5
Stealth        | |  0.7
Shields        | |  0.7
Unarmed Combat | |  0.7
Conjurations   | |  0.5
Hexes          | |  0.5
Summonings     | |  0.5
Necromancy     | |  0.5
Translocations | |  5.4
Transmutations | |  0.5
Fire Magic     | |  0.5
Ice Magic      | |  0.5
Air Magic      | |  0.5
Earth Magic    | |  0.5
Poison Magic   | |  0.5
Invocations    | |  0.9
Evocations     | |  0.7

Action                   || total
-------------------------++-------
Melee: Spear             ||   116
       Bite              ||    10
 Stab: Sleeping          ||     2
Armor: Leather armour    ||    27
Dodge: Dodged            ||    66
